[Event "*** Titled Tuesday 3|2 Blitz"]
[Site "Chess.com"]
[Date "2015.05.05"]
[Round "1"]
[White "MITerryble"]
[Black "jup1978"]
[Result "1-0"]
[WhiteElo "2501"]
[BlackElo "2156"]
[TimeControl "180+2"]
[EndTime "11:03:01 PDT"]
[Termination "MITerryble won by resignation"]

1. d4 d5 2. Nf3 c6 3. c4 Nf6 4. Nc3 a6 5. c5 Nbd7 6. Bf4 Nh5 7. e3 Nxf4 8. exf4 g6 9. Qd2 Bg7 10.
Bd3 f6 11. O-O O-O 12. f5 gxf5 13. Bxf5 Nb8 14. Bxc8 Qxc8 15. Rfe1 Re8 16. Qf4 Nd7 17. Qg4 Nf8 18. Qh5 Ng6 19. Nh4 Nxh4 20. Qxh4 e5 21. Ne2 Qf5 22. Ng3 Qg6 23. Qh3 exd4 24. Nf5 Re5 25. Rxe5 fxe5 26. Ne7+ 1-0

[Event "*** Titled Tuesday 3|2 Blitz"]
[Site "Chess.com"]
[Date "2015.05.05"]
[Round "1"]
[White "iaraldinho"]
[Black "HansCoolNiemann"]
[Result "1-0"]
[WhiteElo "2306"]
[BlackElo "1892"]
[TimeControl "180+2"]
[EndTime "11:03:16 PDT"]
[Termination "iaraldinho won by checkmate"]

1. e4 d5 2. exd5 Qxd5 3. Nc3 Qd6 4. d4 c6 5. Nf3 Bg4 6. Be3 Nd7 7. h3 Bh5 8. g4 Bg6 9. Bd3 Ngf6 10. Qe2 e6 11.
O-O-O Qc7 12. Kb1 Bb4 13. Bd2 O-O-O 14. a3 Bd6 15. Ng5 Rhf8 16. Bxg6 hxg6 17. Nge4 Nxe4 18. Nxe4 Nf6 19. Nxd6+ Qxd6 20. Bb4 Qd5 21. Bxf8 Rxf8 22. c4 Qe4+ 23. Qxe4 Nxe4 24. Rhf1 Rh8 25. Rd3 f5 26. gxf5 gxf5 27. d5 cxd5 28. cxd5 exd5 29. Rxd5 Rxh3 30. Rc1+ Nc3+ 31. Rxc3+ Rxc3 32. bxc3 Kc7 33. Rxf5 Kd6 34. Rg5 Kc6 35. Rxg7 Kc5 36. f4 Kc4 37. f5 Kxc3 38.
f6 Kb3 39. f7 Kxa3 40. f8=Q+ Kb3 41. Qf4 b5 42. Rg3# 1-0

[Event "*** Titled Tuesday 3|2 Blitz"]
[Site "Chess.com"]
[Date "2015.05.05"]
[Round "1"]
[White "zmaj23"]
[Black "Schemato"]
[Result "1-0"]
[WhiteElo "2439"]
[BlackElo "2113"]
[TimeControl "180+2"]
[EndTime "11:03:31 PDT"]
[Termination "zmaj23 won by resignation"]

1. e4 e6 2. d4 d5 3. Nc3 Nf6 4. Bg5 Bb4 5. e5 h6 6. Be3 Ne4 7. Qg4 g6 8. Ne2 c5 9. a3 Ba5 10. dxc5 Nxc3 11. Nxc3 Nc6 12. b4 Nxe5 13. Qd4 Bc7 14. f4 Qf6 15. Nb5 Bb8 16. Nd6+ Bxd6 17. cxd6 Ng4 18. Qxf6 Nxf6 19. Bd4 1-0

[Event "*** Titled Tuesday 3|2 Blitz"]
[Site "Chess.com"]
[Date "2015.05.05"]
[Round "1"]
[White "chessloveyou"]
[Black "vovkcoach"]
[Result "0-1"]
[WhiteElo "2092"]
[BlackElo "2417"]
[TimeControl "180+2"]
[EndTime "11:04:16 PDT"]
[Termination "vovkcoach won by resignation"]

1. Nf3 Nf6 2. g3 g6 3. Bg2 Bg7 4. O-O O-O 5. d4 d5 6. c4 dxc4 7. Nc3 c6 8. Ne5 Ng4 9. Nxg4 Bxg4 10. Be3 Be6 11. Ne4 Bd5 12. Qc2 Nd7 13. a4 b5 14.
Bh3 a6 15. Nc3 e6 16. Bd2 f5 17. Be3 Qb6 18. Rfd1 b4 19. Nb1 a5 20. f3 e5 21.
Qd2 exd4 22. Bxd4 Bxd4+ 23. Qxd4 Qxd4+ 24. Rxd4 Nc5 25. Nd2 c3 26. bxc3 bxc3 27. Nf1 Nb3 0-1

[Event "*** Titled Tuesday 3|2 Blitz"]
[Site "Chess.com"]
[Date "2015.05.05"]
[Round "1"]
[White "AlexanderL"]
[Black "Rijeka1999"]
[Result "1-0"]
[WhiteElo "2537"]
[BlackElo "2215"]
[TimeControl "180+2"]
[EndTime "11:04:20 PDT"]
[Termination "AlexanderL won by resignation"]

1. d4 d5 2. c4 c6 3. Nf3 Nf6 4.
g3 g6 5. Bg2 Bg7 6. Qb3 O-O 7.
O-O dxc4 8. Qxc4 Bf5 9. e3 Nbd7 10. Qe2 c5 11. Nc3 Rb8 12. Rd1 Qc7 13. e4 Bg4 14. Bf4 e5 15. dxe5 Nh5 16. Nd5 Qa5 17. Bd2 Qa6 18. Qxa6 bxa6 19. Bc3 Bxf3 20. Ne7+ Kh8 21. Rxd7 Bxg2 22. Kxg2 f6 23. e6 Rb6 24. Nd5 Rxe6 25. g4 Rxe4 26. gxh5 gxh5 27. Re1 1-0

[Event "*** Titled Tuesday 3|2 Blitz"]
[Site "Chess.com"]
[Date "2015.05.05"]
[Round "1"]
[White "Tilicheev_Viacheslav"]
[Black "brauliocuarta"]
[Result "1-0"]
[WhiteElo "2408"]
[BlackElo "2077"]
[TimeControl "180+2"]
[EndTime "11:04:59 PDT"]
[Termination "Tilicheev_Viacheslav won by resignation"]

1. e4 c5 2. Nf3 e6 3. b3 Nf6 4. e5 Nd5 5. Bb2 Be7 6. g3 O-O 7. Bg2 d6 8. O-O Nc6 9. exd6 Bxd6 10. Na3 a6 11. Nc4 Bc7 12. a4 f6 13. d4 cxd4 14. Nxd4 e5 15. Nb5 Be6 16. Bxd5 Bxd5 17. Nxc7 Bxc4 18. Qxd8 Raxd8 19. bxc4 Rd2 20. Rac1 Rfd8 21.
Nd5 f5 22. Bc3 Re2 23. Rfe1 Rxe1+ 24. Rxe1 e4 25. Rb1 Rd7 26. f3 Kf7 27. fxe4 fxe4 28. Re1 b5 29. axb5 axb5 30. Rxe4 bxc4 31. Rxc4 1-0

[Event "*** Titled Tuesday 3|2 Blitz"]
[Site "Chess.com"]
[Date "2015.05.05"]
[Round "1"]
[White "MrHenriksson"]
[Black "Cryptochess"]
[Result "0-1"]
[WhiteElo "2017"]
[BlackElo "2378"]
[TimeControl "180+2"]
[EndTime "11:05:24 PDT"]
[Termination "Cryptochess won by resignation"]

1. d4 Nf6 2. Nf3 e6 3. g3 b5 4. Bg2 Bb7 5. O-O Be7 6. c3 O-O 7. a4 a6 8. axb5 axb5 9. Rxa8 Bxa8 10. Qd3 Be4 11. Qxb5 Bxb1 12. Bf4 Be4 13. Ra1 Nc6 14. Ne5 Bxg2 15. Kxg2 Nxe5 16. Bxe5 d6 17. Bf4 Nd5 18. Bd2 Qb8 19. Qd3 Qxb2 20. Ra7 Qb6 21. Ra6 Qb7 22. e4 Nb6 23. Ra1 f5 24. f3 fxe4 25. fxe4 e5 26. Rb1 exd4 27. cxd4 Bf6 28. d5 Be5 29. Be3 Qa7 30.
Qb3 Qa6 31. Qc2 Nc4 32. Bc1 Bd4 33. Rb4 Rf2+ 34. Kh3 Rxc2 0-1

[Event "*** Titled Tuesday 3|2 Blitz"]
[Site "Chess.com"]
[Date "2015.05.05"]
[Round "1"]
[White "Haykos"]
[Black "Imre91"]
[Result "0-1"]
[WhiteElo "2224"]
[BlackElo "2563"]
[TimeControl "180+2"]
[EndTime "11:05:30 PDT"]
[Termination "Imre91 won by resignation"]

1. e4 e6 2. d4 d5 3. Nd2 Nc6 4.
Ngf3 Nf6 5. Bd3 Nb4 6. Qe2 Nxd3+ 7. cxd3 b6 8. O-O Ba6 9. e5 Nd7 10. Nb3 Be7 11. a3 c5 12. dxc5 bxc5 13. Bf4 c4 14.
Nbd4 cxd3 15. Qd2 Rc8 16. Rac1 Nc5 17. Rfd1 O-O 18. Qe3 Qd7 19. Ne1 Qa4 20. f3 Nb3 21. Nxb3 Qxb3 22. Rxc8 Rxc8 23. Nxd3 Qxd1+ 0-1

[Event "*** Titled Tuesday 3|2 Blitz"]
[Site "Chess.com"]
[Date "2015.05.05"]
[Round "1"]
[White "zanbato17"]
[Black "VSERGUEI"]
[Result "0-1"]
[WhiteElo "2075"]
[BlackElo "2415"]
[TimeControl "180+2"]
[EndTime "11:05:32 PDT"]
[Termination "VSERGUEI won by resignation"]

1. d4 d5 2. c4 c6 3. Nc3 Nf6 4. Nf3 a6 5. cxd5 cxd5 6. Bf4 Nc6 7. e3 Bg4 8. Be2 e6 9. O-O Bd6 10. Bxd6 Qxd6 11. h3 Bxf3 12. Bxf3 O-O 13. Rc1 Rfc8 14.
Na4 Nd7 15. Nc5 Nxc5 16. Rxc5 b6 17. Rc3 Na5 18. Qc2 Rc4 19. b3 Rxc3 20. Qxc3 Qa3 21. Rc1 g6 22. Rc2 b5 23. Qc7 h5 24. h4 Kf8 25. Be2 Kg7 26. Bd3 Qb4 27. Kf1 Nc4 28. bxc4 bxc4 29. Bxc4 Qb1+ 30. Ke2 Qxc2+ 0-1

[Event "*** Titled Tuesday 3|2 Blitz"]
[Site "Chess.com"]
[Date "2015.05.05"]
[Round "1"]
[White "Inopov"]
[Black "destroyer305"]
[Result "1-0"]
[WhiteElo "2475"]
[BlackElo "2142"]
[TimeControl "180+2"]
[EndTime "11:05:36 PDT"]
[Termination "Inopov won on time"]

1. d4 Nf6 2. c4 c5 3. d5 b5 4. Qc2 Bb7 5. e4 bxc4 6. Bxc4 d6 7.
Nf3 g6 8. O-O Bg7 9. Nc3 O-O 10.
h3 Nfd7 11. Re1 Na6 12. Bf4 Nc7 13. Rad1 Ba6 14. Bxa6 Nxa6 15. e5 dxe5 16. Nxe5 Nxe5 17. Bxe5 Bxe5 18. Rxe5 Qd6 19. Qe2 Rfe8 20. Re1 Nb4 21. a3 f6 22. Re6 1-0

[Event "*** Titled Tuesday 3|2 Blitz"]
[Site "Chess.com"]
[Date "2015.05.05"]
[Round "1"]
[White "vinceyoung15"]
[Black "Kacparov"]
[Result "0-1"]
[WhiteElo "2111"]
[BlackElo "2430"]
[TimeControl "180+2"]
[EndTime "11:05:44 PDT"]
[Termination "Kacparov won by resignation"]

1. e4 c5 2. c3 d6 3. d4 Nf6 4.
Bd3 Nc6 5. Nf3 g6 6. h3 Bg7 7. O-O O-O 8. Bf4 Nh5 9. Be3 cxd4 10. cxd4 e5 11. Bg5 Qb6 12. d5 Nb4 13. Na3 Nxd3 14. Qxd3 Bd7 15. Nc4 Qa6 16. Rfc1 Rfc8 17. a4 Nf4 18. Bxf4 exf4 19. Ra2 b5 20. b3 bxc4 21. bxc4 Rc5 22. Qd2 Rxc4 23. Rxc4 Qxc4 24. Rc2 Qxe4 0-1

[Event "*** Titled Tuesday 3|2 Blitz"]
[Site "Chess.com"]
[Date "2015.05.05"]
[Round "1"]
[White "facu57"]
[Black "Enozen"]
[Result "0-1"]
[WhiteElo "2142"]
[BlackElo "2475"]
[TimeControl "180+2"]
[EndTime "11:05:45 PDT"]
[Termination "Enozen won on time"]

1. e4 d6 2. d4 Nf6 3. Nc3 e5 4.
dxe5 dxe5 5. Qxd8+ Kxd8 6. Nf3 Bd6 7. Bg5 Be6 8. O-O-O Nd7 9. Bb5 Kc8 10. Rhe1 a6 11.
Ba4 Nc5 12. Bb3 Nxb3+ 13. axb3 Nd7 14. Be3 h6 15. Nh4 g6 16. Nf3 b5 17. Nd5 Kb7 18.
Nc3 Rad8 19. Ne2 Nf6 20. Ng3 Ng4 21. h3 Nxe3 22. Rxe3 Bc5 23. Re2 Rxd1+ 24. Kxd1 Rd8+ 25. Kc1 f6 26. Nh4 Bf7 27. Nf3 a5 28. h4 h5 29.
Nf1 a4 30. bxa4 Ra8 0-1

[Event "*** Titled Tuesday 3|2 Blitz"]
[Site "Chess.com"]
[Date "2015.05.05"]
[Round "1"]
[White "wonderfultime"]
[Black "Lovlas"]
[Result "1-0"]
[WhiteElo "2586"]
[BlackElo "2239"]
[TimeControl "180+2"]
[EndTime "11:05:50 PDT"]
[Termination "wonderfultime won by resignation"]

1. d4 e6 2. c4 Nf6 3. Nf3 b6 4.
a3 Bb7 5. Nc3 Be7 6. d5 O-O 7.
e4 d6 8. Bd3 e5 9. O-O a5 10. Bd2 Nbd7 11. b4 axb4 12. axb4 Nh5 13. g3 g6 14. Qc2 Ng7 15. Rxa8 Qxa8 16. Qb2 f5 17. Ng5 Qd8 18. Ne6 Nxe6 19. dxe6 fxe4 20. Bxe4 Bxe4 21. Nxe4 Nf6 22. Ng5 Qc8 23. c5 Ne8 24. cxb6 cxb6 25. Rc1 Qb7 26. Qb3 Ng7 27. Nf7 d5 28.
Nxe5 Nxe6 29. Nc6 Rf5 30. g4 Rf7 31. Qxd5 Nc7 32. Nxe7+ 1-0

[Event "*** Titled Tuesday 3|2 Blitz"]
[Site "Chess.com"]
[Date "2015.05.05"]
[Round "1"]
[White "Azzaro25"]
[Black "iFrancisco"]
[Result "1-0"]
[WhiteElo "2143"]
[BlackElo "2285"]
[TimeControl "180+2"]
[EndTime "11:05:50 PDT"]
[Termination "Azzaro25 won by resignation"]

1. b3 e5 2. Bb2 Nc6 3. e3 g6 4. Bb5 Bg7 5. Ne2 Nge7 6. O-O O-O 7. f4 exf4 8. Bxg7 Kxg7 9. Nxf4 a6 10. Bxc6 dxc6 11. Nc3 Nd5 12. Ncxd5 cxd5 13. Qf3 c6 14. Kh1 f5 15. Qg3 Kh8 16. d4 Qf6 17. Nd3 Be6 18. Ne5 Rae8 19. Rf3 Bc8 20. Raf1 Re6 21. h4 Rfe8 22.
Rf4 Rxe5 23. dxe5 Qxe5 24. h5 Qxe3 25. Qh4 Qe7 26. hxg6 Kg8 27. Qh5 Rf8 28. Rh4 Rf6 29. gxh7+ Kh8 30. Qg5 Qf8 31. Re1 Rf7 32. Qg8+ 1-0

[Event "*** Titled Tuesday 3|2 Blitz"]
[Site "Chess.com"]
[Date "2015.05.05"]
[Round "1"]
[White "Malev212"]
[Black "Zvonokchess"]
[Result "1-0"]
[WhiteElo "2194"]
[BlackElo "2497"]
[TimeControl "180+2"]
[EndTime "11:06:06 PDT"]
[Termination "Malev212 won by resignation"]

1. e4 c5 2. Nf3 e6 3. d4 cxd4 4. Nxd4 a6 5. Be2 Nf6 6. Nc3 Qc7 7. O-O Bc5 8. Bg5 d6 9. Qd3 Nbd7 10. Rad1 O-O 11. a3 b5 12. Nb3 Bb7 13. Nxc5 Nxc5 14. Qxd6 Qxd6 15. Rxd6 Nfxe4 16. Nxe4 Nxe4 17. Rb6 Bd5 18.
Be3 Rfc8 19. Bd3 Nc5 20. Bxc5 Rxc5 21. Rd1 g6 22. f3 Kg7 23. Kf2 h6 24. c3 Kf6 25.
Ke3 g5 26. Be4 a5 27. Bxd5 Rd8 28. Bb3 Re5+ 29. Kf2 Rxd1 30. Bxd1 Rd5 31. Be2 1-0

[Event "*** Titled Tuesday 3|2 Blitz"]
[Site "Chess.com"]
[Date "2015.05.05"]
[Round "1"]
[White "Konavets"]
[Black "PowerThinking2650"]
[Result "1-0"]
[WhiteElo "2434"]
[BlackElo "2074"]
[TimeControl "180+2"]
[EndTime "11:06:17 PDT"]
[Termination "Konavets won on time"]

1. e4 e5 2. Nf3 Nc6 3. Bb5 a6 4. Ba4 Nf6 5. O-O Be7 6. Re1 b5 7. Bb3 d6 8. c3 O-O 9. h3 Bb7 10. d3 Na5 11. Bc2 c5 12. Nbd2 Nc6 13. Nf1 Re8 14.
Ng3 h6 15. a4 Bf8 16. d4 exd4 17. cxd4 Nb4 18. Bb1 c4 19. Ra3 d5 20. e5 Ne4 21.
Nxe4 dxe4 22. Rxe4 Bxe4 23. Bxe4 Nd5 24. Ra1 b4 25. Nh2 Rc8 26. Qg4 Rc6 27. Qf3 Rd6 28. exd6 Nf6 29. Bc2 Re1+ 30. Nf1 Bxd6 31. Rb1 Bc7 32.
Bd2 1-0

[Event "*** Titled Tuesday 3|2 Blitz"]
[Site "Chess.com"]
[Date "2015.05.05"]
[Round "1"]
[White "Daniel_Fridman"]
[Black "MattyDPerrine"]
[Result "1-0"]
[WhiteElo "2634"]
[BlackElo "2244"]
[TimeControl "180+2"]
[EndTime "11:06:32 PDT"]
[Termination "Daniel_Fridman won by resignation"]

1. d4 Nf6 2. c4 c5 3. d5 e6 4. Nc3 exd5 5. cxd5 d6 6. Nf3 g6 7. Bf4 a6 8. Nd2 b5 9. a4 b4 10. Nce4 Nxe4 11. Nxe4 Be7 12. e3 f5 13. Nd2 O-O 14. Bg3 Nd7 15. Nc4 Nf6 16. Be2 Bb7 17. Bf3 g5 18. h3 g4 19. hxg4 fxg4 20. Bxg4 Bxd5 21. Rc1 Qc7 22. Rh6 Bxc4 23. Rxc4 Kg7 24.
Rh3 Qc6 25. Bf3 d5 26. Rch4 Qe6 27. Bxd5 Nxd5 28. Rxh7+ Kg8 29. Rh8+ Kf7 30. Qh5+ Kf6 31. Rh6+ Kg7 32. Rxe6 1-0

[Event "*** Titled Tuesday 3|2 Blitz"]
[Site "Chess.com"]
[Date "2015.05.05"]
[Round "1"]
[White "megarompa"]
[Black "DanielRensch"]
[Result "1-0"]
[WhiteElo "2669"]
[BlackElo "2268"]
[TimeControl "180+2"]
[EndTime "11:06:44 PDT"]
[Termination "megarompa won by resignation"]

1. d4 Nf6 2. Bg5 e6 3. Nf3 c5 4. e3 b6 5. c4 cxd4 6. exd4 Be7 7. Nc3 O-O 8. Bd3 d5 9. O-O dxc4 10. Bxc4 Bb7 11. Ne5 h6 12. Be3 Nc6 13. a3 Rc8 14.
Ba2 Nxe5 15. dxe5 Ne4 16. Nxe4 Bxe4 17. Qa4 Bc2 18. Qxa7 Bc5 19. Bxc5 Rxc5 20. Rfe1 Re8 21. b4 Rc3 22. Bb1 Bb3 23. Be4 Re7 24. Qa6 Bc4 25. Qa4 Bb3 26. Qa6 Qd4 27. Qa8+ 1-0

[Event "*** Titled Tuesday 3|2 Blitz"]
[Site "Chess.com"]
[Date "2015.05.05"]
[Round "1"]
[White "Tirantes"]
[Black "GMHess"]
[Result "1/2-1/2"]
[WhiteElo "2242"]
[BlackElo "2523"]
[TimeControl "180+2"]
[EndTime "11:06:44 PDT"]
[Termination "Game drawn by agreement"]

1. c4 g6 2. Nc3 Bg7 3. d4 c5 4. Nf3 cxd4 5. Nxd4 Nc6 6. e3 Nf6 7. Be2 O-O 8. O-O Nxd4 9. exd4 d5 10. Bg5 dxc4 11.
Bxc4 a6 12. Re1 b5 13. Bb3 Bb7 14. Qd2 Qd7 15. a3 Rfd8 16. h3 e6 17. Rad1 Qc6 18.
f3 Rd7 19. Qf4 Nh5 20. Qh4 Qb6 21. Be3 Qc7 22. d5 Bxc3 23. dxe6 Bxe1 24. Rxd7 Qxd7 25. exf7+ Kg7 26. Bd4+ Kh6 27. Be3+ Kg7 1/2-1/2

[Event "*** Titled Tuesday 3|2 Blitz"]
[Site "Chess.com"]
[Date "2015.05.05"]
[Round "1"]
[White "David_Klein"]
[Black "DanielNaroditsky"]
[Result "0-1"]
[WhiteElo "2230"]
[BlackElo "2572"]
[TimeControl "180+2"]
[EndTime "11:06:46 PDT"]
[Termination "DanielNaroditsky won by resignation"]

1. e4 e5 2. Nf3 Nc6 3. Nc3 Nf6 4.
d4 exd4 5. Nxd4 Bc5 6. Be3 Bb6 7. Qd2 O-O 8. O-O-O Re8 9. f3 d5 10. Bb5 Qd6 11.
Bxc6 bxc6 12. Nb3 dxe4 13. Bxb6 Qxd2+ 14. Nxd2 axb6 15. Ndxe4 Nxe4 16. fxe4 Be6 17. a3 f6 18. Rd3 Kf7 19. Rhd1 Ke7 20. Kd2 Bc4 21. Rd4 b5 22. Ke3 Be6 23. h3 c5 24. Nd5+ Kf7 25. R4d2 Bf5 26. Nxc7 Rxe4+ 27. Kf3 Rb8 28. g4 Re7 29. gxf5 Rxc7 30. Rd7+ Rxd7 31. Rxd7+ Kf8 32.
Rc7 c4 33. c3 g6 34. Rxh7 Kg8 35. fxg6 Rd8 36. Rb7 Rd5 37. Kf4 Rh5 38. h4 Rxh4+ 39. Kf5 Rh2 40. Rxb5 Rh5+ 0-1

[Event "*** Titled Tuesday 3|2 Blitz"]
[Site "Chess.com"]
[Date "2015.05.05"]
[Round "1"]
[White "NguyenDucHoa"]
[Black "esr44"]
[Result "1-0"]
[WhiteElo "2389"]
[BlackElo "2030"]
[TimeControl "180+2"]
[EndTime "11:07:05 PDT"]
[Termination "NguyenDucHoa won on time"]

1. d4 d5 2. c4 e6 3. Nf3 Nf6 4. g3 Be7 5. Bg2 O-O 6. O-O dxc4 7. Qc2 a6 8. a4 Bd7 9. Rd1 Bc6 10. Nc3 Nbd7 11. e4 b5 12. d5 Bb7 13. dxe6 fxe6 14. Nd4 Nc5 15. Nxe6 Qe8 16. Nxf8 Bxf8 17. axb5 axb5 18.
Rxa8 Bxa8 19. Nd5 Nxd5 20. exd5 Nd3 21. Be3 Qh5 22. Rxd3 cxd3 23. Qxd3 b4 24. d6 Bxg2 25. d7 Be4 26. Qd4 1-0

[Event "*** Titled Tuesday 3|2 Blitz"]
[Site "Chess.com"]
[Date "2015.05.05"]
[Round "1"]
[White "GMBenjaminBok"]
[Black "AlmirDzhumaev"]
[Result "1-0"]
[WhiteElo "2433"]
[BlackElo "2098"]
[TimeControl "180+2"]
[EndTime "11:07:26 PDT"]
[Termination "GMBenjaminBok won by resignation"]

1. e4 e5 2. Nf3 Nc6 3. Bb5 a6 4. Ba4 Nf6 5. O-O Be7 6. Re1 b5 7. Bb3 O-O 8. c3 d5 9. exd5 Nxd5 10. Nxe5 Nxe5 11. Rxe5 c6 12. d3 Bd6 13. Re1 Qh4 14.
g3 Qh3 15. Re4 h6 16. Nd2 Nf6 17. Rh4 Qf5 18. Ne4 Bc7 19. Bf4 Bb6 20. Nd6 Qc5 21.
d4 Bg4 22. dxc5 Bxd1 23. cxb6 Bf3 24. b7 Rab8 25. Nxf7 Kh7 26. Bxb8 Rxb8 27. Ng5+ Kg6 28. Nxf3 Rxb7 29. Re1 c5 30. Ne5+ Kh7 31. Rf4 c4 32.
Bc2+ Kg8 33. b3 Nd5 34. Rd4 cxb3 35. Bxb3 Rb8 36. Bxd5+ Kh7 37. Be4+ Kg8 38. Red1 g5 39.
Rd8+ Rxd8 40. Rxd8+ Kg7 41. f4 Kf6 42. Rd6+ Ke7 43. Rxh6 gxf4 44. gxf4 1-0

[Event "*** Titled Tuesday 3|2 Blitz"]
[Site "Chess.com"]
[Date "2015.05.05"]
[Round "1"]
[White "MFBerna"]
[Black "dabee"]
[Result "0-1"]
[WhiteElo "1960"]
[BlackElo "2360"]
[TimeControl "180+2"]
[EndTime "11:07:26 PDT"]
[Termination "dabee won on time"]

1. e4 e6 2. d4 d5 3. Nd2 dxe4 4. Nxe4 Bd7 5. Nf3 Bc6 6. Bd3 Nd7 7. Qe2 Ngf6 8. O-O Be7 9. Bf4 Nxe4 10. Bxe4 Bxe4 11.
Qxe4 c6 12. Rad1 O-O 13. c4 Re8 14. Rd3 Bf6 15. Rfd1 Qa5 16. a3 h6 17. h3 Qa4 18. b3 Qxa3 19. Nh2 e5 20. Bc1 Qe7 21. Ng4 exd4 22. Nxf6+ Nxf6 23. Qxd4 Qe2 24. Bxh6 Re4 25. Qc3 Re6 26. Bf4 Ne4 27. Qd4 Rf6 28. Be3 Re8 29.
Qd7 Ree6 0-1

[Event "*** Titled Tuesday 3|2 Blitz"]
[Site "Chess.com"]
[Date "2015.05.05"]
[Round "1"]
[White "Aygehovit1992"]
[Black "Recombinant"]
[Result "1-0"]
[WhiteElo "2468"]
[BlackElo "2140"]
[TimeControl "180+2"]
[EndTime "11:07:30 PDT"]
[Termination "Aygehovit1992 won by resignation"]

1. e4 c5 2. Nf3 d6 3. d4 cxd4 4. Nxd4 Nf6 5. Nc3 g6 6. Be3 Bg7 7. f3 O-O 8. Qd2 Nc6 9. O-O-O d5 10. exd5 Nxd5 11. Nxc6 bxc6 12. Bd4 Nxc3 13. Qxc3 Bh6+ 14.
Be3 Bxe3+ 15. Qxe3 Qb6 16. Qxb6 axb6 17. a3 Be6 18. Bd3 c5 19. Be4 Rad8 20. Rxd8 Rxd8 21. Rd1 Rxd1+ 22. Kxd1 f5 23. Bb7 Kf7 24. Kd2 Bd7 25. b4 cxb4 26. axb4 e5 27. c4 Ke6 28. h4 h6 29. Kc3 g5 30. hxg5 hxg5 31. c5 bxc5 32. bxc5 Bb5 33. Kb4 Bf1 34. g3 Bg2 35. Kb5 g4 36.
Bc8+ Kf6 37. fxg4 e4 38. Bxf5 Bf1+ 39. Kb4 e3 40. Kc3 Bb5 41. Bc8 Kg5 42. Kc2 Kg6 43. Kd1 Kg5 44. Ke1 Kf6 45. Bb7 Kg5 46. Bf3 Kf6 47. c6 Ke7 48. g5 Kd6 49. g6 Bd3 50. g7 Bc4 51. Be4 Kc7 52. Bh7 Kxc6 53. g8=Q Bxg8 54. Bxg8 Kc5 55. Ke2 Kd4 56. Bh7 1-0

[Event "*** Titled Tuesday 3|2 Blitz"]
[Site "Chess.com"]
[Date "2015.05.05"]
[Round "1"]
[White "Canonkasparov"]
[Black "jefferyx"]
[Result "1-0"]
[WhiteElo "2088"]
[BlackElo "2312"]
[TimeControl "180+2"]
[EndTime "11:07:45 PDT"]
[Termination "Canonkasparov won by resignation"]

1. d4 Nf6 2. Nf3 e6 3. c3 c5 4.
Bf4 b6 5. e3 Bb7 6. Nbd2 Be7 7.
Be2 O-O 8. h3 d6 9. O-O Nbd7 10.
Bh2 a6 11. a4 Qc7 12. Qb1 Rfe8 13. Rc1 Rac8 14. b4 Qb8 15. Qb2 Qa8 16. Nc4 Ne4 17. Bf1 Bd5 18. Ncd2 Ndf6 19. bxc5 bxc5 20. a5 Rb8 21.
Qa3 Rec8 22. c4 Bc6 23. dxc5 Nxc5 24. Nd4 Bd7 25. g4 Qb7 26. Rab1 Qc7 27. Bg2 g6 28. Bg3 Ne8 29. N2b3 Nd3 30. Rc2 Nb4 31. Rc3 Qa7 32. Rbc1 e5 33. Ne2 Nc6 34. c5 dxc5 35. Nxc5 Nd8 36.
Bxe5 Rb5 37. Bd4 Qc7 38. Nxa6 Bxa3 39. Nxc7 Rxa5 40. Nxe8 Bxc1 41. Nf6+ 1-0

[Event "*** Titled Tuesday 3|2 Blitz"]
[Site "Chess.com"]
[Date "2015.05.05"]
[Round "1"]
[White "kesarev"]
[Black "MinhGTrAn"]
[Result "0-1"]
[WhiteElo "2189"]
[BlackElo "2516"]
[TimeControl "180+2"]
[EndTime "11:07:55 PDT"]
[Termination "MinhGTrAn won by resignation"]

1. Nf3 d5 2. c4 c6 3. d4 Nf6 4. Nc3 e6 5. g3 Nbd7 6. Bg2 dxc4 7. a4 Bb4 8. O-O Qa5 9. Bd2 O-O 10. Qc2 b6 11. e4 Ba6 12. Rfd1 e5 13. dxe5 Nxe5 14.
Nxe5 Qxe5 15. Bf4 Qe6 16. e5 Nh5 17. Ne4 Nxf4 18. gxf4 Rad8 19. Ng5 Qh6 20. Be4 g6 21. Bxc6 Be7 22. Nf3 Qxf4 23. Qe2 Rd3 24. Rxd3 cxd3 25.
Qe3 Qg4+ 26. Kh1 Bc5 27. Qe4 Qxe4 28. Bxe4 Bxf2 29. Rd1 Rc8 30. Bxd3 Bb7 31. Be2 Rc2 0-1

[Event "*** Titled Tuesday 3|2 Blitz"]
[Site "Chess.com"]
[Date "2015.05.05"]
[Round "1"]
[White "Zhani-Z"]
[Black "AnthonyWirig"]
[Result "0-1"]
[WhiteElo "2159"]
[BlackElo "2506"]
[TimeControl "180+2"]
[EndTime "11:07:59 PDT"]
[Termination "AnthonyWirig won by resignation"]

1. e4 c5 2. Nf3 e6 3. d4 cxd4 4. Nxd4 a6 5. Nc3 Qc7 6. g3 Bb4 7. Bd2 Nf6 8. Bg2 Be7 9. O-O d6 10. f4 O-O 11. Nb3 Nbd7 12. g4 Nb6 13. g5 Nfd7 14. Qh5 g6 15. Qh6 Re8 16. Rf3 Bf8 17. Qh4 Nc4 18. Rh3 h5 19. Bc1 Bg7 20. Bf3 b5 21. Bxh5 gxh5 22. Qxh5 Nf8 23. f5 exf5 24. Nd5 Qd8 25. Nf6+ Bxf6 26. gxf6 Qxf6 27. Rg3+ Ng6 28. Bg5 Qh8 29. Qf3 fxe4 30. Qf1 Nce5 31.
Bf6 Qh5 32. Nd4 Bd7 33. Re1 Ng4 34. Re2 Nxf6 35. Qxf6 Qe5 36. Rxg6+ fxg6 37. Qxg6+ Qg7 0-1

[Event "*** Titled Tuesday 3|2 Blitz"]
[Site "Chess.com"]
[Date "2015.05.05"]
[Round "1"]
[White "ChessTrener"]
[Black "pedromartinez91"]
[Result "1-0"]
[WhiteElo "2485"]
[BlackElo "2144"]
[TimeControl "180+2"]
[EndTime "11:08:00 PDT"]
[Termination "ChessTrener won by resignation"]

1. e4 c5 2. Ne2 Nc6 3. Nbc3 Nd4 4.
d3 d6 5. Nxd4 cxd4 6. Ne2 Qb6 7.
g3 h5 8. h3 h4 9. g4 e5 10. Bg2 Be7 11. f4 f6 12. O-O Be6 13. Kh2 O-O-O 14. c4 Nh6 15. f5 Bd7 16. a3 Rdg8 17.
b4 g6 18. a4 gxf5 19. exf5 Bc6 20. a5 Qc7 21. Bxc6 Qxc6 22. b5 Qe8 23. Ng1 d5 24.
Bxh6 Rxh6 25. a6 b6 26. Qf3 e4 27. Qf4 Qf8 28. Kh1 Bd6 29. Qd2 dxc4 30. dxc4 Be5 31.
c5 bxc5 32. b6 Kb8 33. Qb2 Ka8 34. Rfb1 axb6 35. Qxb6 Qc8 36. Qb7+ Qxb7 37. axb7+ Kb8 38. Ra8+ Kc7 39. Rxg8 Kc6 40. Re8 Bf4 41. Rxe4 Bc7 42. Re7 Bf4 43. Ne2 Bb8 44. Re8 Ba7 45. Ra8 Rh7 46.
Rxa7 Rxb7 47. Raxb7 Kd5 48. Nxd4 Kxd4 49. Rc1 1-0

[Event "*** Titled Tuesday 3|2 Blitz"]
[Site "Chess.com"]
[Date "2015.05.05"]
[Round "1"]
[White "Lupul_Cenusiu"]
[Black "eltenedor"]
[Result "1-0"]
[WhiteElo "2323"]
[BlackElo "1966"]
[TimeControl "180+2"]
[EndTime "11:08:00 PDT"]
[Termination "Lupul_Cenusiu won by resignation"]

1. d4 d5 2. c4 dxc4 3. e3 Nf6 4. Bxc4 e6 5. Nf3 c5 6. O-O a6 7. a4 Nc6 8. Qe2 Qc7 9. Rd1 Be7 10. Nc3 O-O 11.
h3 cxd4 12. exd4 Nb4 13. Ne5 Nbd5 14. Bd2 Bd7 15. a5 Bc6 16. Rac1 Rac8 17. Bd3 Qd6 18. Ne4 Nxe4 19. Qxe4 Nf6 20. Qe3 Rfd8 21. Nxc6 Rxc6 22. Rxc6 Qxc6 23. Bc3 Qd5 24. Bc2 Rc8 25. g4 Bb4 26. g5 Ne8 27. Bxb4 Rxc2 28. Bc3 Qf5 29. Qg3 Nd6 30. Bb4 Nc8 31. Bd2 Rxb2 32. Be3 Rb1 33.
Rxb1 Qxb1+ 34. Kh2 Qb5 35. Qc7 g6 36. Qxc8+ Kg7 37. Qc5 Qd7 38. Bf4 1-0